Map: Estaleiro Orbital

Players

Naga

  • Race: Protoss Protoss
  • League: Gold

MikeGodLike - Winner!

  • Race: Terran Terran
  • League: Gold

VOD

Have the link to the VOD?

Description

Time

  • Played on: March 3, 2016, 7:28 p.m.
  • Length: 16:47
Show
View Real Time Build Order
Export as new Build Order

Naga Protoss 

Build Orders: 1 Gate Expand, Phoenix Opening 

Get SALT Encoding   

  12  0:02  Probe (Chrono Boost)  
  13  0:12  Probe (Chrono Boost)  
  14  0:19  Pylon  
  14  0:23  Probe (Chrono Boost)  
  15  0:37  Probe (Chrono Boost)  
  15  0:41  Gateway  
  16  0:43  Assimilator  
  16  0:48  Probe (Chrono Boost)  
  17  0:58  Probe (Chrono Boost)  
  18  1:12  Probe (Chrono Boost)  
  19  1:21  Nexus  
  19  1:32  Cybernetics Core  
  19  1:39  Probe (Chrono Boost)  
  20  1:45  Pylon  
  20  1:48  Assimilator  
  20  2:07  Probe (Chrono Boost)  
  21  2:10  Stalker (Chrono Boost)  
  21  2:12  Warp Gate  
  23  2:17  Probe (Chrono Boost)  
  24  2:34  Probe  
  25  2:38  Sentry (Chrono Boost)  
  27  2:45  Probe  
  28  2:54  Probe  
  28  2:55  Probe  
  30  3:00  Pylon  
  30  3:01  Sentry (Chrono Boost)  
  32  3:06  Probe (Chrono Boost)  
  32  3:07  Probe (Chrono Boost)  
  34  3:17  Robotics Facility, Probe (Chrono Boost)  
  35  3:20  Probe (Chrono Boost)  
  35  3:21  Pylon  
  35  3:25  Stalker  
  38  3:28  Probe (Chrono Boost)  
  38  3:31  Probe (Chrono Boost)  
  40  3:38  Probe (Chrono Boost)  
  41  3:41  Probe (Chrono Boost)  
  41  3:45  Assimilator  
  42  3:49  Probe (Chrono Boost)  
  42  3:51  Phoenix, Assimilator  
  42  3:52  Probe (Chrono Boost)  
  42  3:53  Pylon  
  44  3:59  Twilight Council, Probe (Chrono Boost)  
  45  4:04  Gateway  
  45  4:10  Mothership Core (Chrono Boost)  
  45  4:13  Observer  
  45  4:14  Gateway  
  48  4:24  Probe (Chrono Boost)  
  49  4:29  Probe (Chrono Boost)  
  50  4:34  Probe (Chrono Boost)  
  51  4:39  Probe (Chrono Boost)  
  52  4:47  Observer  
  53  5:01  Forge  
  39  5:58  Mothership Core (Chrono Boost)  
  39  6:01  Stalker  
  39  6:02  Stalker  
  45  6:16  Probe (Chrono Boost)  
  46  6:20  Photon Cannon  
  46  6:27  Probe (Chrono Boost)  
  46  6:31  Immortal  
  46  6:32  Photon Cannon  
  51  6:34  Blink (Chrono Boost)  
  51  6:36  Adept x2  
  51  6:37  Adept, Probe (Chrono Boost)  
  58  6:51  Pylon  
  58  6:52  Nexus  
  58  6:54  Pylon  
  58  6:56  Photon Cannon, Pylon  
  58  6:59  Pylon  
  58  7:02  Probe x2 (Chrono Boost)  
  58  7:05  Protoss Ground Weapons Level 1  
  60  7:13  Probe x2 (Chrono Boost)  
  62  7:24  Adept x3, Pylon  
  62  7:28  Probe  
  68  7:30  Probe  
  70  7:39  Probe  
  70  7:42  Probe  
  72  7:48  Stalker x3  
  78  7:54  Probe  
  78  7:55  Pylon  
  78  7:57  Pylon  
  79  8:12  Stalker x3  
  85  8:20  Probe x2  
  85  8:21  Probe  
  85  8:25  Resonating Glaives (Chrono Boost)  
  88  8:37  Stalker x3  
  94  8:41  Gateway  
  94  8:44  Gateway  
  94  8:47  Gateway  
  67  9:10  Adept x2  
  67  9:11  Adept  
  73  9:17  Probe  
  73  9:18  Probe x2, Gateway  
  73  9:19  Gateway  
  73  9:22  Assimilator, Gateway  
  80  9:24  Immortal (Chrono Boost)  
  80  9:27  Assimilator  
  80  9:28  Probe  
  80  9:31  Probe  
  81  9:33  Stalker x2  
  81  9:34  Stalker  
  83  10:06  Stalker  
  83  10:07  Stalker x2  
  63  10:27  Stalker x3  
  63  10:36  Mothership Core  
  63  10:41  Adept x2  
  63  10:42  Adept  
  67  10:49  Adept x2  
  71  10:50  Adept x4  
  75  11:05  Stalker x3  
  73  11:18  Adept x3  
  73  11:19  Adept x3  
  73  11:21  Probe  
  82  11:33  Probe  
  83  11:45  Probe  
  83  11:46  Stalker x5  
  94  11:47  Stalker x4  
  102  11:57  Probe  
  102  12:01  Probe x2  
  105  12:10  Adept x5, Probe  
  105  12:11  Adept x4  
  105  12:13  Probe  
  125  12:44  Pylon  
  125  12:56  Pylon  
  125  13:02  Probe  
  102  13:14  Probe  
  83  13:23  Adept x2  
  83  13:24  Adept x5  
  83  13:25  Adept x2  
  73  13:52  Immortal (Chrono Boost), Stalker  
  73  13:53  Stalker x5  
  73  13:54  Stalker x3  
  91  13:58  Mothership Core  
  93  14:10  Protoss Ground Weapons Level 2 (Chrono Boost)  
  93  14:24  Immortal (Chrono Boost)  
  93  14:25  Stalker x2  
  93  14:26  Stalker x2  
  93  14:28  Zealot x4  
  93  14:29  Zealot  
  115  14:45  Nexus  
  115  14:50  Stalker x2  
  119  15:05  Sentry x2  
  119  15:06  Stalker  
  125  15:27  Pylon  
  125  15:29  Pylon  
  125  15:30  Pylon  
  125  15:40  Immortal  
  125  15:45  Stalker x2  
  125  15:47  Stalker x3  
  81  16:31  Stalker x5  
  81  16:32  Stalker x3  
Show
View Real Time Build Order
Export as new Build Order

MikeGodLike Terran - Winner!

Build Orders: MMM Bio 

Get SALT Encoding   

  12  0:01  SCV  
  13  0:13  SCV  
  14  0:17  Supply Depot  
  14  0:25  SCV  
  15  0:39  SCV  
  15  0:40  Barracks  
  16  0:46  Refinery  
  16  0:51  SCV  
  17  1:03  SCV  
  18  1:15  SCV  
  19  1:30  Barracks Reactor  
  19  1:31  Orbital Command  
  19  1:53  Command Center  
  19  1:57  SCV  
  19  1:59  Supply Depot  
  20  2:10  Marine  
  20  2:12  Marine  
  20  2:13  Factory  
  22  2:28  Marine  
  22  2:29  SCV  
  24  2:30  Marine  
  24  2:32  Refinery  
  25  2:39  Bunker  
  25  2:46  Marine  
  25  2:48  Marine  
  26  2:54  SCV  
  27  3:00  Widow Mine  
  27  3:02  Starport  
  29  3:08  Orbital Command  
  29  3:12  Marine  
  29  3:13  Marine  
  31  3:20  SCV  
  31  3:24  Supply Depot  
  32  3:28  Widow Mine  
  32  3:32  SCV  
  35  3:46  SCV  
  36  3:50  Barracks Tech Lab  
  36  3:51  Medivac  
  38  4:00  Factory Tech Lab  
  38  4:12  Marauder  
  38  4:13  Stimpack  
  40  4:21  Command Center  
  40  4:33  Siege Tank  
  40  4:36  Marauder  
  45  4:40  SCV x2  
  47  4:47  Barracks  
  47  4:49  Barracks  
  47  4:54  Barracks  
  47  4:55  Medivac  
  49  5:15  Marine  
  49  5:39  Barracks Tech Lab  
  49  5:40  Barracks Tech Lab  
  49  5:44  Barracks Reactor  
  49  5:51  Refinery  
  49  5:53  Refinery  
  49  5:56  Engineering Bay, SCV x2  
  49  5:57  Orbital Command  
  49  5:58  Engineering Bay  
  47  6:21  Orbital Command  
  47  6:22  Liberator  
  47  6:23  Liberator  
  47  6:26  Missile Turret x2  
  47  6:29  SCV x2  
  52  6:40  Marine  
  52  6:41  Marine x3  
  52  6:43  Marauder  
  61  6:47  Missile Turret  
  61  6:49  Missile Turret  
  61  6:53  Supply Depot x2  
  61  6:55  Supply Depot  
  61  6:56  Supply Depot  
  61  6:59  Marauder, Siege Tank  
  66  7:04  SCV x3  
  69  7:09  Combat Shields  
  69  7:22  SCV x2  
  71  7:26  Marine  
  71  7:27  Marine x4  
  71  7:28  Armory  
  76  7:39  Terran Infantry Weapons Level 1  
  76  7:44  Marine x3  
  76  7:45  Marine x2  
  81  7:56  Refinery  
  81  8:02  Marine  
  81  8:03  SCV x3  
  85  8:07  Siege Tank  
  88  8:14  Barracks  
  88  8:15  Barracks  
  88  8:19  Starport  
  88  8:27  Medivac x2  
  90  8:42  Marine  
  90  8:43  Marine x3  
  90  8:44  Marauder, Siege Tank  
  90  8:46  SCV  
  90  8:47  SCV  
  101  8:53  Supply Depot x2  
  101  8:54  Supply Depot, SCV  
  101  8:55  Liberator x2  
  99  8:56  Supply Depot x2  
  99  8:58  Supply Depot  
  84  9:13  Marine x3  
  84  9:14  Marine x4  
  97  9:29  Starport Tech Lab  
  97  9:31  Marine  
  97  9:33  Barracks Tech Lab x2  
  98  9:48  Marine x3  
  98  9:49  Marauder, Marine  
  104  10:02  Siege Tank  
  104  10:06  Marauder  
  103  10:20  Liberator  
  80  10:35  Marine x5  
  85  10:36  Marauder x2, Siege Tank  
  85  10:37  Medivac  
  85  10:38  Terran Infantry Weapons Level 2  
  85  10:39  Terran Infantry Armor Level 1  
  95  10:52  Marine  
  95  10:53  Marine x3  
  95  10:54  Marauder  
  95  10:56  Marine  
  94  11:09  Fusion Core  
  76  11:19  Marine  
  76  11:20  Marauder, Marine  
  76  11:21  Liberator  
  76  11:24  Liberator, SCV x3  
  76  11:36  SCV  
  80  11:40  Medivac  
  80  11:42  Marine x4  
  80  11:43  Marauder  
  80  11:45  SCV  
  92  11:59  Advanced Ballistics  
  93  12:01  SCV x3  
  93  12:02  Marine x4  
  99  12:13  SCV x3  
  102  12:24  Medivac, Battlecruiser  
  102  12:25  SCV x2, Marine x4  
  102  12:26  Marauder, Marine  
  113  12:44  Marine  
  113  12:45  Marauder, Marine x3  
  113  12:46  Marauder, Siege Tank  
  124  12:56  Command Center  
  122  13:10  Marine x3  
  122  13:11  Marauder x2, Marine x2  
  118  13:15  Liberator  
  101  13:23  Siege Tank  
  101  13:24  SCV x3  
  102  13:28  Marine x4  
  102  13:29  Marauder  
  102  13:32  Medivac  
  102  13:33  Marauder  
  111  13:36  SCV x3  
  111  13:39  Liberator  
  111  13:48  SCV x2  
  107  13:54  Marine x4  
  107  13:55  Marauder, Marine  
  114  13:58  SCV  
  114  14:00  SCV x2  
  114  14:02  Medivac  
  122  14:10  SCV  
  123  14:28  Liberator  
  123  14:33  Fusion Core  
  123  14:37  Refinery  
  123  14:38  SCV  
  123  14:39  SCV x2  
  123  14:43  Marine x3  
  123  14:44  Marauder x2, Marine  
  123  14:45  Medivac  
  139  14:50  SCV  
  140  14:58  Marine  
  141  15:01  Marine  
  141  15:02  Marauder  
  144  15:18  Marine x4  
  144  15:19  Marauder  
  150  15:23  Marauder  
  152  15:29  Medivac x2  
  152  15:31  SCV  
  152  15:32  Planetary Fortress  
  157  15:36  SCV x2  
  157  15:41  Command Center, Marine x3  
  157  15:42  Marauder, Command Center  
  164  15:44  Refinery  
  164  15:45  Command Center  
  164  15:47  Refinery  
  164  15:56  Marine  
  164  16:16  SCV  
  164  16:18  Marauder  
  155  16:27  Marine x2  
  155  16:28  Marine x3  
Tags
 
Add a new tag
Caveats
  • Supply blocks, unpowered buildings, or Contaminate may cause inaccurate times.
  • Supply counts are checked every 10 seconds.